 Dungeon Crawl Stone Soup version 0.22-a0-558-gc224181 (webtiles) character file.

239 Amnesiac the Charlatan (level 5, -2/25 HPs)
             Began as a Spriggan Artificer on June 27, 2018.
             Killed by nerve-wracking pain
             ... invoked by a shadow imp
              (12 damage)
             ... on level 5 of the Dungeon.
             The game lasted 00:04:24 (2223 turns).

Amnesiac the Charlatan (Spriggan Artificer)         Turns: 2223, Time: 00:04:25

Health: -2/25      AC:  2    Str:  9    XL:     5   Next: 79%
Magic:  10/10      EV: 18    Int: 12    God:
Gold:   64         SH:  0    Dex: 17    Spells: 4/4 levels left

rFire    . . .     SeeInvis +   a - +2 short sword (speed)
rCold    + . .     Gourm    .   (shield restricted)
rNeg     . . .     Faith    .   b - +0 robe
rPois    +         Spirit   .   (helmet restricted)
rElec    .         Reflect  .   (no cloak)
rCorr    .         Harm     .   (gloves unavailable)
MR       .....                  (boots unavailable)
Stlth    +++.......             (no amulet)
HPRegen  0.08/turn              h - ring of protection from cold
MPRegen  0.12/turn              k - ring of poison resistance

@: very quick
A: very small, unfitting armour, see invisible, herbivore, speed 3, slow
metabolism 2
a: no special abilities


You were on level 5 of the Dungeon.
You were not hungry.

You visited 1 branch of the dungeon, and saw 5 of its levels.

You collected 64 gold pieces.

Inventory:

Hand Weapons
 a - a +2 short sword of speed (weapon)
Missiles
 i - 142 stones
 j - an exploding tomahawk (quivered)
Armour
 b - a +0 robe (worn)
Jewellery
 h - a ring of protection from cold (left hand)
 k - a ring of poison resistance (right hand)
Wands
 c - a wand of flame (15)
 d - a wand of enslavement (15)
 e - a wand of random effects (15)
 v - a wand of digging (18)
Scrolls
 n - a scroll of remove curse {!r, unknown}
 o - a scroll of random uselessness {!r, unknown}
 p - 2 scrolls of amnesia {!r, unknown}
 q - 2 scrolls of fog {!r, unknown}
 r - a scroll of enchant armour {!r, unknown}
 u - a scroll of identify {!r, unknown}
Potions
 g - 2 potions of ambrosia {!q, unknown}
 l - a potion of berserk rage {!q, unknown}
 m - a potion of invisibility {!q, unknown}
 s - a potion of curing {!q, unknown}
 t - a potion of cancellation {!q, unknown}
 w - a potion of haste {!q, unknown}
Comestibles
 f - 5 rations


   Skills:
 - Level 0.7 Fighting
 * Level 4.0 Short Blades
 - Level 3.0 Dodging
 + Level 3.9 Stealth
 + Level 6.5 Evocations


You had 4 spell levels left.
You didn't know any spells.
Your spell library was empty.

Dungeon Overview and Level Annotations

Branches:
Dungeon (5/15)
 Temple: D:4-7

Altars:

Annotations:
D:5 Blork the orc, Ijyb


Innate Abilities, Weirdness & Mutations

You are very small and have problems with some larger weapons.
You are too small for most types of armour.
You have supernaturally acute eyesight. (SInv)
You are a herbivore.
You cover ground extremely quickly.
You need to consume almost no food.


Message History

Blork the orc comes into view.
He is wielding a trident.
You barely miss the hound. The hound completely misses you.
You closely miss the hound. You hit the hound.
The hound is lightly wounded.
The hound barely misses you.
You closely miss the hound.
The hound is lightly wounded.
The hound misses you.
You hit the hound.
The hound is heavily wounded.
The hound bites you.
You closely miss the hound.
The hound is heavily wounded.
The hound completely misses you.
You hit the hound but do no damage.
The hound is heavily wounded.
The shadow imp laughs crazily.
Blork the orc looks encouraged for a moment.
The hound barely misses you.
You barely miss the hound.
The hound is heavily wounded.
The hound misses you.
You hit the hound.
The hound is heavily wounded.
The hound barely misses you.
You barely miss the hound.
The hound is heavily wounded.
Ijyb the Twisted Goblin comes into view.
The hound bites you.
You hit the hound.
The hound is severely wounded.
The hound bites you.
You hit the hound but do no damage.
The hound is severely wounded.
The hound barely misses you.
You hit the hound but do no damage.
The hound is severely wounded.
The hound misses you.
You closely miss the hound.
The hound is severely wounded.
The hound barely misses you.
You completely miss the hound.
The hound is severely wounded.
The hound closely misses you.
You hit the hound.
The hound is almost dead.
The hound bites you.
You hit the hound.
You kill the hound!
Your Short Blades skill increases to level 4!
You see here an iguana corpse.
You swing at nothing.
You hit the shadow imp.
The shadow imp is lightly wounded.
The shadow imp hits you.
* * * LOW HITPOINT WARNING * * *
You closely miss the shadow imp.
The shadow imp is lightly wounded.
You completely miss the shadow imp.
The shadow imp is lightly wounded.
The shadow imp gestures at you. Pain shoots through your body!
You die...

###### ###......
#...>.# ###.###.######
#...###.......
##########.#.##.......
#......†@5.#......#
#.###########.#5..#
#.# #.#.### #.# #.#5#
#.# #..o.# #.########
#..>....
#................g...
#.#######.........##.#
###......)..##......#
.#


You could see a shadow imp.

Vanquished Creatures
  A howler monkey (D:4)
  A hound (D:5)
  2 iguanas
  2 worker ants (D:4)
  2 adders
  An adder skeleton (D:4)
  A worm (D:4)
  2 dart slugs
  2 leopard geckos (D:5)
  2 orcs
  2 ball pythons
  3 giant cockroaches
  2 goblins
  4 hobgoblins
  5 jackals (D:4)
  4 kobolds
  4 bats
  A frilled lizard (D:4)
  A quokka zombie (D:5)
  5 rats
  A fungus (D:1)
48 creatures vanquished.

Notes
Turn   | Place    | Note
-------+----------+-------------------------------------------
     0 | D:1      | Amnesiac the Spriggan Artificer began the quest for the Orb.
     0 | D:1      | Reached XP level 1. HP: 9/9 MP: 4/4
   257 | D:1      | Reached XP level 2. HP: 14/14 MP: 6/6
   364 | D:2      | Reached skill level 5 in Evocations
   635 | D:3      | Reached XP level 3. HP: 12/17 MP: 8/8
   850 | D:4      | Reached skill level 6 in Evocations
  1145 | D:4      | Reached XP level 4. HP: 9/21 MP: 9/9
  1783 | D:4      | Reached XP level 5. HP: 17/25 MP: 10/10
  2083 | D:5      | Entered Level 5 of the Dungeon
  2191 | D:5      | Noticed Blork the orc
  2201 | D:5      | Noticed Ijyb
  2223 | D:5      | Killed from afar by a shadow imp

Vault maps used:
D:1:      onia_arrival_mini_maze_b
D:3:      lemuel_blue_sif_altar
D:4:      first_ration
D:5:      uniq_blork_the_orc, uniq_ijyb

Skill      XL: |  1  2  3  4  5 |
---------------+----------------+-----
Evocations     | 5 6 |  6.5
Short Blades   | 2 3 4 |  4.0
Stealth        | 3 |  3.9
Fighting       | |  0.7
Dodging        | |  3.0

Action                   |  1- 3 |  4- 6 || total
-------------------------+-------+-------++-------
Melee: Short sword       |   135 |    82 ||   217
Throw: Tomahawk          |     6 |       ||     6
 Stab: Sleeping          |     2 |     7 ||     9
Armor: Robe              |     5 |     3 ||     8
Dodge: Dodged            |    80 |    30 ||   110

Table legend:
 A = Spawn XP
 B = Non-spawn XP
 C = Spawn XP percentage of total XP
 D = Spawn monster count
 E = Non-spawn monster count
 F = Spawn count percentage of total count
 G = Total turns spent on level
                    A         B        C        D         E        F      G
               +---------+---------+-------+---------+---------+-------+---------
         Total |       0 |     342 |   0.0 |       0 |      47 |   0.0 |  2223
               +---------+---------+-------+---------+---------+-------+---------
           D:1 |       0 |      12 |   0.0 |       0 |       6 |   0.0 |   259
           D:2 |       0 |      10 |   0.0 |       0 |       6 |   0.0 |   241
           D:3 |       0 |      31 |   0.0 |       0 |      12 |   0.0 |   315
           D:4 |       0 |     200 |   0.0 |       0 |      18 |   0.0 |  1268
           D:5 |       0 |      89 |   0.0 |       0 |       5 |   0.0 |   140
               +---------+---------+-------+---------+---------+-------+---------
